 Dungeon Crawl Stone Soup version 0.22.1-1-ga44c0e56f4 (webtiles) character file.

1185475 Morbidden the Dwarven Barricade (level 27, -20/447 HPs)
             Began as a Deep Dwarf Fighter on Oct 21, 2018.
             Was the Champion of the Shining One.
             Killed from afar by a Tzitzimitl (55 damage)
             ... with a bolt of cold
             ... created by the effects of Hell
             ... on level 7 of Tartarus on Oct 22, 2018.
             The game lasted 06:00:14 (81003 turns).

Morbidden the Dwarven Barricade (DDFi)             Turns: 81003, Time: 06:00:15

Health: -20/447    AC: 33    Str: 29 (32) XL:     27
Magic:  33/33      EV:  2    Int:  9 (10) God:    the Shining One [******]
Gold:   11505      SH: 51    Dex:  8 (10) Spells: 50/57 levels left

rFire    . . .     SeeInvis .   a - +9 broad axe (elec)
rCold    . . .     Gourm    .   l - +4 large shield {reflect}
rNeg     + + +     Faith    .   (armour currently unavailable)
rPois    +         Spirit   .   (helmet currently unavailable)
rElec    .         Reflect  +   (cloak currently unavailable)
rCorr    .         Harm     .   (gloves currently unavailable)
MR       +++++     NoTele   +   (boots currently unavailable)
Stlth    +.........             Y - amulet "Oniuge" {Reflect MR+ SH+3}
HPRegen  0.00/turn              M - +2 ring of slaying
MPRegen  0.23/turn              e - +3 ring of slaying

@: divine shield, tree-form, doom-hounded, non-regenerating, glowing, studying 3
skills
A: damage resistance, heal wounds, clumsy 1, deterioration 2, high mp 1,
negative energy resistance 1, sense surroundings 3, no regeneration
}: 11/15 runes: decaying, slimy, silver, golden, abyssal, demonic, glowing,
magical, fiery, dark, gossamer
a: Heal Wounds, Divine Shield, Cleansing Flame, Summon Divine Warrior, Brand
Weapon With Holy Wrath, Renounce Religion


You were on level 7 of Tartarus.
You worshipped the Shining One.
The Shining One was exalted by your worship.
You were very full.
You were a tree.
You visited 14 branches of the dungeon, and saw 68 of its levels.
You visited Pandemonium 2 times, and saw 22 of its levels.
You visited the Abyss 4 times.
You visited 1 bazaar.
You also visited: Labyrinth and Trove.

You collected 15204 gold pieces.
You spent 3699 gold pieces at shops.

Inventory:

Hand Weapons
 a - a +9 broad axe of electrocution (weapon)
 b - a +9 trishula of holy wrath
Armour
 f - the -2 hat of the Alchemist (melded) {rElec rPois rF+ rC+ rN+ MR+ rMut rCorr}
   (You bought it in a shop in a bazaar)

   It protects you from fire.
   It protects you from cold.
   It insulates you from electricity.
   It protects you from poison.
   It protects you from negative energy.
   It affects your resistance to hostile enchantments.
   It provides partial protection from all sources of acid and corrosion.
   It protects you from mutation.
 h - a +2 pair of boots of running (melded)
 l - a +4 large shield of reflection (worn)
 t - +12 gold dragon scales (melded)
 B - a scarf of resistance (melded)
 X - a +2 pair of gloves of dexterity (melded)
Jewellery
 e - a +3 ring of slaying (right branch)
 M - a +2 ring of slaying (left branch)
 Y - the amulet "Oniuge" (around neck) {Reflect MR+ SH+3}
   (You took it off a deep elf blademaster on level 3 of the Elven Halls)

   [amulet of reflection]

   It shields you and reflects attacks.
   It affects your resistance to hostile enchantments.
   It affects your SH (+3).
Wands
 i - a wand of iceblast (54)
 F - a wand of digging (31)
 N - a wand of paralysis (87)
 O - a wand of acid (27)
 R - a wand of disintegration (22)
Scrolls
 k - 15 scrolls of magic mapping
 n - 2 scrolls of fog
 o - 44 scrolls of teleportation
 r - 3 scrolls of silence
 u - 4 scrolls of fear
 y - 4 scrolls of brand weapon
 z - 36 scrolls of remove curse
 E - 17 scrolls of identify
 H - 3 scrolls of blinking
 T - 6 scrolls of holy word
 W - 7 scrolls of summoning
Potions
 j - 3 potions of berserk rage
 m - 13 potions of curing
 p - 7 potions of cancellation
 s - 6 potions of agility
 C - a potion of resistance
 D - 2 potions of mutation
 G - 3 potions of lignification
 K - 4 potions of might
 P - 13 potions of flight
 Q - 14 potions of haste
 U - a potion of magic
Books
 g - a manual of Unarmed Combat
 q - a manual of Charms
 J - a manual of Translocations
Miscellaneous
 c - a lamp of fire (inert)
 w - a lightning rod (4/4)
 x - a figurine of a ziggurat
 L - a phial of floods (inert)
 V - 4 sacks of spiders
 Z - 4 boxes of beasts
Comestibles
 v - 100 rations


   Skills:
 O Level 27 Fighting
 - Level 18.0(19.4) Axes
 - Level 11.6(14.9) Polearms
   Level 3.0(3.9) Slings
 + Level 3.0(3.4) Throwing
 + Level 26.1 Armour
 O Level 27 Dodging
 + Level 2.1 Stealth
 O Level 27 Shields
 * Level 15.5 Spellcasting
 * Level 11.3 Conjurations
 * Level 5.7 Translocations
 O Level 27 Invocations
 + Level 25.5 Evocations


You had 50 spell levels left.
You knew the following spells:

 Your Spells              Type           Power        Failure   Level  Hunger
a - Orb of Destruction    Conj           ####......   54%         7    #######

Your spell library contained the following spells:

 Spells                   Type           Power        Failure   Level  Hunger
 Apportation              Tloc           ###...       1%          1    None
 Flame Tongue             Conj/Fire      ###..        1%          1    None
 Magic Dart               Conj           ####         1%          1    None
 Shock                    Conj/Air       ###.         1%          1    None
 Sting                    Conj/Pois      ###.         1%          1    None
 Blink                    Tloc           N/A          1%          2    None
 Searing Ray              Conj           ####..       1%          2    None
 Throw Frost              Conj/Ice       ###...       1%          2    None
 Iskenderun's Mystic Bla  Conj           ####....     1%          4    ###....
 Conjure Flame            Conj/Fire      ###.....     2%          3    #......
 Dazzling Spray           Conj/Hex       ###...       2%          3    #......
 Gell's Gravitas          Tloc           ###.......   2%          3    #......
 Lesser Beckoning         Tloc           ###.......   2%          3    #......
 Static Discharge         Conj/Air       ###.....     2%          3    #......
 Stone Arrow              Conj/Erth      ###...       2%          3    #......
 Teleport Other           Tloc           ###.....     2%          3    #......
 Force Lance              Conj/Tloc      ###.....     2%          4    ###....
 Shroud of Golubria       Chrm/Tloc      ##........   3%          2    None
 Mephitic Cloud           Conj/Pois/Air  ##......     5%          3    #......
 Portal Projectile        Hex/Tloc       ##....       8%          3    #......
 Recall                   Summ/Tloc      N/A          8%          3    #......
 Passage of Golubria      Tloc           N/A          8%          4    ###....
 Animate Skeleton         Necr           N/A          9%          1    None
 Beastly Appendage        Tmut           #.....       9%          1    None
 Confusing Touch          Hex            #.....       9%          1    None
 Corona                   Hex            #......      9%          1    None
 Freeze                   Ice            #...         9%          1    None
 Infusion                 Chrm           #...         9%          1    None
 Pain                     Necr           #...         9%          1    None
 Sandblast                Erth           #.....       9%          1    None
 Summon Butterflies       Summ           #.......     9%          1    None
 Summon Small Mammal      Summ           #...         9%          1    None
 Fulminant Prism          Conj/Hex       ###.......   9%          4    ###....
 Sticky Flame             Conj/Fire      ###.....     9%          4    ###....
 Throw Icicle             Conj/Ice       ###.....     9%          4    ###....
 Call Imp                 Summ           #.......     13%         2    None
 Corpse Rot               Necr           N/A          13%         2    None
 Ensorcelled Hibernation  Hex/Ice        #.....       13%         2    None
 Passwall                 Tmut/Erth      #.......     13%         2    None
 Slow                     Hex            #.......     13%         2    None
 Song of Slaying          Chrm           #.......     13%         2    None
 Sticks to Snakes         Tmut           #.......     13%         2    None
 Sublimation of Blood     Necr           #.........   13%         2    None
 Swiftness                Chrm/Air       #.......     13%         2    None
 Bolt of Draining         Conj/Necr      ###.......   22%         5    #####..
 Fireball                 Conj/Fire      ###.......   22%         5    #####..
 Irradiate                Conj/Tmut      ###.......   22%         5    #####..
 Iskenderun's Battlesphe  Conj/Chrm      ###.....     22%         5    #####..
 Lightning Bolt           Conj/Air       ###.......   22%         5    #####..
 Venom Bolt               Conj/Pois      ###.......   22%         5    #####..
 Call Canine Familiar     Summ           #.......     26%         3    #......
 Confuse                  Hex            #.......     26%         3    #......
 Ignite Poison            Fire/Tmut/Pois #.......     26%         3    #......
 Inner Flame              Hex/Fire       #.......     26%         3    #......
 Ozocubu's Armour         Chrm/Ice       #.......     26%         3    #......
 Spectral Weapon          Hex/Chrm       #.......     26%         3    #......
 Spider Form              Tmut/Pois      #.........   26%         3    #......
 Summon Guardian Golem    Hex/Summ       #.......     26%         3    #......
 Tukima's Dance           Hex            #.......     26%         3    #......
 Vampiric Draining        Necr           #.........   26%         3    #......
 Bolt of Magma            Conj/Fire/Erth ##........   45%         5    #####..
 Summon Forest            Summ/Tloc      ##........   56%         5    #####..
 Airstrike                Air            #.........   63%         4    ###....
 Animate Dead             Necr           N/A          63%         4    ###....
 Cause Fear               Hex            #.........   63%         4    ###....
 Ice Form                 Ice/Tmut       #.......     63%         4    ###....
 Leda's Liquefaction      Hex/Erth       #.........   63%         4    ###....
 Olgreb's Toxic Radiance  Pois           #.......     63%         4    ###....
 Petrify                  Tmut/Erth      #.......     63%         4    ###....
 Summon Ice Beast         Ice/Summ       #.......     63%         4    ###....
 Summon Lightning Spire   Summ/Air       #.......     63%         4    ###....
 Bolt of Cold             Conj/Ice       ###.......   77%         6    ######.
 Bolt of Fire             Conj/Fire      ###.......   77%         6    ######.
 Iron Shot                Conj/Erth      ###.......   77%         6    ######.
 Poison Arrow             Conj/Pois      ###.......   77%         6    ######.
 Alistair's Intoxication  Tmut/Pois      #.......     93%         5    #####..
 Aura of Abjuration       Summ           #.........   93%         5    #####..
 Blade Hands              Tmut           #.........   93%         5    #####..
 Borgnjor's Vile Clutch   Necr/Erth      #.........   93%         5    #####..
 Dispel Undead            Necr           #.......     93%         5    #####..
 Excruciating Wounds      Chrm/Necr      #.........   93%         5    #####..
 Lee's Rapid Deconstruct  Erth           #.........   93%         5    #####..
 Metabolic Englaciation   Hex/Ice        #.........   93%         5    #####..
 Silence                  Hex/Air        #.........   93%         5    #####..
 Summon Demon             Summ           #.........   93%         5    #####..
 Summon Mana Viper        Hex/Summ       #.......     93%         5    #####..
 Yara's Violent Unravell  Hex/Tmut       #.........   93%         5    #####..
 Freezing Cloud           Conj/Ice/Air   ##........   95%         6    ######.
 Darkness                 Hex            #.........   100%        6    ######.
 Death Channel            Necr           #.........   100%        6    ######.
 Hydra Form               Tmut           #.........   100%        6    ######.
 Invisibility             Hex            #.......     100%        6    ######.
 Ozocubu's Refrigeration  Ice            #.........   100%        6    ######.
 Shadow Creatures         Summ           N/A          100%        6    ######.
 Simulacrum               Ice/Necr       #.........   100%        6    ######.
 Statue Form              Tmut/Erth      #........    100%        6    ######.
 Dragon Form              Tmut           #.........   100%        7    #######
 Malign Gateway           Summ/Tloc      ##........   100%        7    #######
 Ring of Flames           Chrm/Fire      #.........   100%        7    #######
 Spellforged Servitor     Conj/Summ      ###.......   100%        7    #######
 Summon Hydra             Summ           #.........   100%        7    #######
 Borgnjor's Revivificati  Necr           #.........   100%        8    #######
 Chain Lightning          Conj/Air       ###.......   100%        8    #######
 Controlled Blink         Tloc           N/A          100%        8    #######
 Ignition                 Fire           #.........   100%        8    #######
 Lehudib's Crystal Spear  Conj/Erth      ###.......   100%        8    #######
 Dragon's Call            Summ           #.........   100%        9    #######
 Fire Storm               Conj/Fire      ###.......   100%        9    #######
 Glaciate                 Conj/Ice       ###.......   100%        9    #######
 Shatter                  Erth           #.........   100%        9    #######
 Tornado                  Air            #.........   100%        9    #######
 Regeneration             Chrm/Necr      Unusable     N/A         3    N/A

Dungeon Overview and Level Annotations

Branches:
Dungeon (15/15)            Temple (0/1) D:7            Lair (6/6) D:8
  Swamp (4/4) Lair:4       Spider (4/4) Lair:3        Slime (5/5) Lair:6
    Orc (2/2) D:10            Elf (3/3) Orc:2        Vaults (5/5) D:13
  Crypt (3/3) Vaults:2       Tomb (3/3) Crypt:3      Depths (5/5) D:15
   Hell (1/1)                 Dis (0/7) Hell            Geh (0/7) Hell
    Coc (0/7) Hell            Tar (7/7) Hell            Zot (5/5) Depths:5

Altars:
Ashenzari
Cheibriados
Dithmenos
Elyvilon
Fedhas
Kikubaaqudgha
Makhleb
Nemelex Xobeh
Okawaru
Qazlal
Ru
Trog
Vehumet
Wu Jian
Xom
Yredelemnul
The Shining One
Beogh
Lugonu

Shops:
D:5 :   D:6 %   D:11 *   D:14 [   Orc:2 ?(*(=   Elf:3 [   Vaults:1 :
Vaults:2 :*   Vaults:5 !   Depths:2 *:?*

Portals:
Hell: Depths:1 Depths:2 Depths:3 Depths:4 Depths:5
Abyss: Crypt:2 Depths:2 Depths:3 Depths:4
Pandemonium: Depths:3
Ziggurat: Depths:1

Annotations:
D:7 1 runed door
Vaults:3 2 runed doors
Tar:7 Ereshkigal


Innate Abilities, Weirdness & Mutations

You are resistant to damage.
You can heal yourself by infusing magical energy.
You resist negative energy. (rN+)
You passively map a large area around you.
You do not regenerate.
((You are partially covered in thin metallic scales. (AC +2)))
You are clumsy. (Dex -2)
Your body often deteriorates upon taking damage.
You have an increased reservoir of magic. (+10% MP)
((You are occasionally teleported next to monsters.))


Message History

Your +2 pair of gloves of dexterity melds into your body.
Your +2 pair of boots of running melds into your body.
Your +12 gold dragon scales melds into your body.
You feel hot and cold all over.
You feel clumsy.
You feel rather sluggish.
Your roots penetrate the ground.
Ereshkigal becomes audible again.
The Tzitzimitl gestures at you. The bolt of cold hits you!
* * * LOW HITPOINT WARNING * * *
The Tzitzimitl engulfs something but does no damage.
The Tzitzimitl bites something but does no damage.
Unknown command.
Okay, then.
Your magical essence is drained by the effort!
You feel much better. You block Ereshkigal's attack.
The Tzitzimitl gestures at you.
The bolt of cold misses the Tzitzimitl.
Helpless, you fail to dodge the bolt of cold.
You die...

≈≈≈≈≈≈≈≈≈≈≈≈≈≈≈≈≈≈≈≈≈≈≈≈≈≈≈≈≈≈≈≈≈
≈≈≈≈≈≈≈≈≈≈≈≈≈≈≈≈≈≈≈≈≈≈≈≈≈≈≈≈≈≈...
≈≈≈≈≈≈≈≈≈≈≈≈≈≈≈≈≈≈≈≈≈≈...........
≈≈≈≈≈≈≈≈≈≈≈≈≈≈≈....).............
..............)...........####...
.....####.####.####.....###,+....
#...##.####..####.##...##,*,#####
##.##...##....##...##.##,,*,,,,,,
[#.#.....#....#.♣2..#.#,,,***,***
####..#..#...)#1&#..###***,,*,,,,
..#..)#......1.2.#...#,,,*,,****,
#'#...##...1.h..##...#+#,***,,,*,
#)##.#####''}1###*#.##.#,,,*,,,*+
#.)..#,#...13...#,#....#,*,*,,,,,
#....#,#.....h..#,#....#,*,***,**
#....#,#........#,#....#,*,,,+,**
#....#,##≈D≈1..##,#))..#,**,**,,,


You could see Ereshkigal, a Hell Sentinel, a doom hound, 4 Tzitzimimeh, a sun
demon and 2 tormentors.

Vanquished Creatures
  Lom Lobon (Pan)
  Mnoleg (Pan)
  3 orbs of fire
  7 ancient liches
  Mara (Crypt:1)
  Mennas (Crypt:1)
  14 greater mummies
  A juggernaut (Depths:3)
  Boris (Tomb:3)
  Sojobo (Vaults:4)
  3 Killer Klowns
  Xtahua (Vaults:5)
  2 curse toes
  Geryon (Hell)
  Nikola (Elf:2)
  14 golden dragons
  A profane servitor (Crypt:3)
  The ghost of matti1234 the Imperceptible, a veteran OpWr of Xom (Vaults:4)
  17 bone dragons
  the Enchantress (Depths:3)
  10 doom hounds
  A hellephant (Abyss:2)
  2 electric golems (Zot:5)
  9 Hell Sentinels (Pan)
  6 Brimstone Fiends (Pan)
  31 Tzitzimimeh
  26 tentacled monstrosities
  9 pandemonium lords (Pan)
  2 deep elf blademasters
  25 Orb Guardians (Zot:5)
  9 Ice Fiends (Pan)
  6 titans
  Asterion (Spider:3)
  11 liches
  17 acid blobs
  7 ancient champions
  10 quicksilver dragons
  11 death cobs
  29 Executioners
  12 tentacled starspawn
  Kirke (Spider:4)
  Agnes (Elf:2)
  8 sphinxes
  3 eldritch tentacles
  13 storm dragons
  16 shadow dragons
  5 revenants
  2 daevas (Abyss:4)
  6 tengu reavers
  14 draconian monks
  6 fire giants
  6 draconian scorchers
  7 azure jellies
  7 deep elf sorcerers
  A frost giant (shapeshifter) (Vaults:5)
  6 frost giants
  The ghost of Dommiel19 the Warrior, an adept GrFi of Okawaru (Swamp:4)
  6 draconian knights
  3 iron dragons
  20 vault wardens
  4 ghost moths
  35 balrugs
  7 draconian shifters
  7 emperor scorpions
  34 cacodemons
  69 large abominations
  41 reapers
  12 draconian stormcallers
  A curse skull (Pan)
  12 warmongers (Pan)
  22 very ugly things
  8 draconian annihilators
  A spriggan defender (Depths:3)
  7 ghouls
  10 corrupters (Pan)
  8 deep elf elementalists
  A caustic shrike skeleton (Depths:2)
  11 blood saints (Pan)
  12 ironheart preservers
  14 stone giants
  5 entropy weavers
  15 bennus
  11 black suns (Pan)
  26 lorocyprocas
  14 vampire knights
  18 green draconians
  A minotaur (Lab)
  12 purple draconians
  4 deep elf demonologists
  21 black draconians
  3 dire elephants (Lair:6)
  14 red draconians
  10 white draconians
  6 deep elf annihilators
  12 yellow draconians
  10 spark wasps
  6 eidola
  19 ettins
  34 blizzard demons
  22 green deaths
  6 deep elf death magi
  3 death oozes (Slime:5)
  3 quicksilver dragon zombies
  Erolcha (D:12)
  Josephine (D:13)
  20 yaktaur captains
  14 mummy priests
  6 deep elf high priests
  14 great orbs of eyes
  2 spectral krakens (Tar:7)
  43 vault guards
  10 fire dragons
  2 hell beasts (Pan)
  22 jiangshi
  12 rakshasas
  8 hydras
  3 quicksilver dragon skeletons
  15 monstrous demonspawn (Pan)
  11 ice dragons
  A naga warrior (Abyss:4)
  2 juggernaut simulacra (Pan)
  3 spriggan air magi
  4 ghost crabs
  A merfolk avatar (Abyss:4)
  8 death knights
  12 centaur warriors
  5 deep troll shamans
  A catoblepas (Lair:3)
  An anaconda (Lair:6)
  30 dancing weapons
  2 two-headed ogres (shapeshifter) (Vaults:5)
  34 two-headed ogres
  3 deep troll earth magi
  A queen ant (Spider:2)
  7 vampire magi
  12 ogre magi
  13 small abominations
  11 alligators
  14 death scarabs (Tomb:1)
  15 spriggan berserkers
  4 hell hogs
  8 tengu warriors
  4 hell knights (Depths:4)
  The ghost of Freyura the Cruncher, a journeyman VSGl of Dithmenos (D:11)
  5 titan zombies
  Urug (D:12)
  12 thrashing horrors
  51 soul eaters
  57 sun demons
  5 wretched stars
  21 deep elf knights
  2 iron golems (Hell)
  A salamander mystic (Depths:5)
  16 spriggans
  42 sixfirhies
  98 skeletal warriors
  3 fire crabs (shapeshifter)
  A storm dragon zombie (Tar:7)
  4 spatial maelstroms
  7 unseen horrors
  13 shadow wraiths
  3 iron trolls
  4 death drakes
  A storm dragon skeleton (Hell)
  A spark wasp zombie (Crypt:1)
  2 titan skeletons
  10 deep elf archers
  2 anaconda zombies
  32 deep trolls
  A sea snake (shapeshifter) (Vaults:5)
  3 shambling mangroves
  A shadow dragon zombie (Tar:2)
  11 infernal demonspawn (Pan)
  16 torturous demonspawn (Pan)
  7 golden dragon skeletons
  17 gelid demonspawn (Pan)
  3 tengu zombies
  3 spectral hydras (Swamp:4)
  6 flayed ghosts
  34 shadow demons
  4 swamp dragons
  12 wizards
  8 glowing orange brains
  16 orc knights
  4 anaconda skeletons
  15 phantasmal warriors
  2 tengu skeletons (Depths:2)
  An iron dragon zombie (Hell)
  4 fire giant zombies
  28 wolf spiders
  19 ironbrand convokers
  10 necromancers
  2 shadow dragon skeletons
  5 wolf spider zombies
  59 deep elf magi
  5 cyclopes
  3 manticores
  17 orb spiders
  3 fauns (Depths:3)
  5 orc sorcerers
  2 sphinx skeletons
  4 salamanders
  2 shining eyes
  4 frost giant zombies
  3 iron dragon skeletons
  An elephant (shapeshifter) (Depths:4)
  5 worldbinders
  71 ugly things
  3 elephants (Lair:6)
  Joseph (D:7)
  A centaur zombie (D:12)
  3 fire giant skeletons
  A black mamba (shapeshifter) (Vaults:5)
  A moth of wrath (shapeshifter) (Vaults:5)
  36 moths of wrath
  5 eyes of devastation
  2 black mambas
  11 vault sentinels
  A guardian serpent (Abyss:4)
  6 rust devils
  44 smoke demons
  2 ice statues (Pan)
  38 orange demons
  3 stone giant skeletons
  2 molten gargoyles
  14 spiny frogs
  2 spiny frogs (shapeshifter)
  8 frost giant skeletons
  A dire elephant zombie (Tomb:3)
  A shock serpent skeleton (Tar:2)
  15 spectral swamp worms
  2 torpor snails
  A minotaur zombie (Lab)
  An emperor scorpion zombie (Tomb:1)
  2 catoblepas zombies
  9 hellions
  A rime drake (shapeshifter) (Vaults:2)
  4 rime drakes
  7 swamp worm zombies (Swamp:4)
  A dire elephant skeleton (Crypt:1)
  2 kobold demonologists (D:13)
  34 tormentors
  5 komodo dragons
  A komodo dragon (shapeshifter) (Vaults:2)
  27 demonic crawlers
  9 ice devils
  8 ancient zymes
  7 efreet
  56 yaktaurs
  20 freezing wraiths
  32 hellwings
  2 catoblepas skeletons
  3 silent spectres
  A redback zombie (D:13)
  31 jumping spiders
  29 red devils
  A harpy zombie (Crypt:1)
  8 hydra zombies
  32 guardian mummies
  A queen bee (D:9)
  28 hornets
  A polar bear (Lair:6)
  12 tyrant leeches
  7 tengu conjurers
  A hornet (shapeshifter) (Vaults:2)
  5 trolls
  Prince Ribbit (D:5)
  2 harpy skeletons
  A wolf spider simulacrum (Crypt:1)
  9 hydra skeletons
  24 raiju
  5 dream sheep (Lair:6)
  25 blink frogs
  12 bog bodies
  88 slime creatures
  12 hippogriffs
  2 spectral swamp dragons (Swamp:4)
  A hippogriff (shapeshifter) (Vaults:5)
  98 flying skulls
  A stone giant simulacrum (Crypt:2)
  4 fire dragon skeletons
  A redback (shapeshifter) (Depths:2)
  A spriggan (shapeshifter) (D:15)
  A fire giant simulacrum (Crypt:2)
  4 air elementals
  39 tarantellas
  2 alligator zombies (Swamp:4)
  30 yaks
  33 ynoxinuls
  4 water elementals
  22 shadows
  21 wraiths
  2 black mamba zombies
  65 redbacks
  5 ettin skeletons
  9 fire elementals
  3 wyverns
  A fire bat (shapeshifter) (D:14)
  3 fire bats (Abyss:3)
  A wyvern (shapeshifter) (Depths:2)
  8 ushabtiu
  10 golden eyes
  3 basilisks
  6 hungry ghosts
  A golden eye (shapeshifter) (Depths:4)
  A basilisk (shapeshifter) (Vaults:4)
  24 neqoxecs
  6 hogs (Spider:4)
  A catoblepas simulacrum (Crypt:3)
  28 vampire mosquitoes
  57 chaos spawn
  A naga (Abyss:4)
  2 wargs
  17 insubstantial wisps
  16 swamp worms
  2 acid dragons
  6 spatial vortices
  A glowing shapeshifter zombie (Crypt:1)
  42 hell hounds
  A hydra simulacrum (Hell)
  A floating eye (Slime:5)
  3 soldier ants (Spider:2)
  A spiny frog zombie (Hell)
  2 merfolk skeletons (Tar:1)
  9 water moccasins
  A torturous demonspawn skeleton (Crypt:1)
  7 porcupines
  An ice dragon simulacrum (Tar:7)
  50 orc warriors
  2 black bears
  4 sky beasts
  2 black bears (shapeshifter)
  6 swamp dragon zombies
  4 eyes of draining (shapeshifter)
  A manticore zombie (Tar:1)
  32 ogres
  6 swamp drakes
  A fire dragon simulacrum (Crypt:1)
  12 phantoms
  8 ice beasts
  A lindwurm zombie (Crypt:2)
  2 snapping turtle zombies (Tar:7)
  6 wolves (Lair:5)
  30 necrophages
  5 eyes of draining
  16 boggarts
  19 centaurs
  6 snapping turtle skeletons
  A swamp dragon skeleton (Pan)
  22 crocodiles
  A salamander zombie (Crypt:2)
  6 big kobolds
  A fire crab zombie (Crypt:2)
  20 bullfrogs
  2 earth elementals (Elf:2)
  4 gnoll sergeants
  A wyvern zombie (D:10)
  A komodo dragon skeleton (Crypt:1)
  A spiny frog simulacrum (Hell)
  33 scorpions
  A water moccasin skeleton (D:10)
  A human simulacrum (Vaults:5)
  An elf simulacrum (Vaults:1)
  A spriggan skeleton (Tar:5)
  21 killer bees
  2 vampire bats (D:15)
  40 wights
  3 howler monkeys (D:14)
  A spectral centaur (Crypt:3)
  A troll skeleton (Tar:7)
  9 crimson imps
  2 quasits (D:9)
  47 starcursed masses
  6 iron imps
  8 hounds
  A human zombie (Tomb:1)
  13 jellies (Lair:6)
  2 bullfrog skeletons
  19 orc priests
  9 iguanas
  13 orc wizards
  12 worker ants
  12 hell rats
  A naga zombie (Hell)
  36 mummies
  A worker ant zombie (D:10)
  6 gnolls
  A howler monkey skeleton (Crypt:1)
  18 adders
  3 swamp drake zombies
  22 shadow imps
  A white imp (Orc:1)
  2 oozes
  An adder zombie (D:5)
  A lava snake skeleton (Crypt:2)
  2 adder skeletons
  4 worms
  4 ball lightnings (Pan)
  A dart slug (D:2)
  10 leopard geckos
  119 orcs
  2 giant cockroaches (D:2)
  5 goblins
  9 hobgoblins
  20 jackals
  15 kobolds
  6 quokkas
  A ball python (D:6)
  11 bats
  12 frilled lizards
  A gnoll skeleton (Crypt:2)
  A jackal skeleton (Crypt:2)
  A leopard gecko zombie (D:9)
  8 rats
  A butterfly (Lair:4)
  3 crawling corpses (Elf:3)
  3 fire vortices
  5 fungi
  2 plants (Lair:6)
  19 starspawn tentacles
  2 tentacles (Tar:7)
4494 creatures vanquished.

Vanquished Creatures (collateral kills)
  Cerebov (Pan)
  Gloorx Vloq (Pan)
  the Royal Jelly (Slime:5)
  3 orbs of fire (Zot:5)
  16 greater mummies
  A golden dragon (Depths:5)
  Jory (Vaults:4)
  An electric golem (Zot:5)
  A Brimstone Fiend (Pan)
  A Tzitzimitl (Pan)
  A lich (Tomb:2)
  An Ice Fiend (Pan)
  A tentacled monstrosity (Pan)
  The ghost of Figoonlo the Black Belt, an adept OpFi of Cheibriados (Vaults:3)
  A deep elf blademaster (Elf:3)
  4 acid blobs (Slime:5)
  3 Executioners
  A sphinx (Tomb:1)
  3 pandemonium lords (Pan)
  2 death cobs
  2 ancient champions (Tomb:3)
  A tengu reaver (Vaults:4)
  4 azure jellies (Slime:5)
  Roxanne (Spider:3)
  2 emperor scorpions
  3 ghost moths
  A curse skull (Pan)
  2 black suns (Pan)
  A draconian shifter (Zot:5)
  3 spriggan defenders (Depths:3)
  3 reapers (Hell)
  3 very ugly things (Pan)
  2 corrupters (Pan)
  3 deep elf demonologists (Elf:3)
  4 purple draconians
  A blood saint (Pan)
  3 bennus (Tomb:3)
  A red draconian (Zot:2)
  2 lorocyprocas
  A deep elf annihilator (Pan)
  2 dire elephants (Lair:6)
  A black draconian (Zot:5)
  Azrael (Orc:2)
  3 blizzard demons (Pan)
  2 ettins
  A death ooze (Slime:5)
  3 jiangshi
  9 mummy priests
  3 green deaths (Pan)
  A yaktaur captain (Vaults:5)
  A monstrous demonspawn (Pan)
  2 great orbs of eyes (Slime:5)
  A centaur warrior (Vaults:3)
  A spriggan air mage (Depths:3)
  A tengu warrior (Depths:3)
  2 two-headed ogres (Vaults:4)
  3 death scarabs (Tomb:1)
  2 spriggan berserkers (Depths:3)
  A thrashing horror (Abyss:4)
  6 sun demons (Pan)
  4 soul eaters
  A spriggan (Depths:3)
  A sixfirhy (Pan)
  A glowing orange brain (Slime:5)
  11 skeletal warriors
  2 death drakes
  2 gelid demonspawn (Pan)
  A deep troll (Vaults:5)
  An ironbrand convoker (Vaults:2)
  An orange crystal statue (Zot:5)
  A stone giant zombie (Tar:7)
  2 orb spiders (Spider:3)
  2 wolf spiders
  A shining eye (Slime:5)
  17 slime creatures (Slime:5)
  An ugly thing (Pan)
  A moth of wrath (Zot:5)
  An elephant (Lair:6)
  3 ice statues (Pan)
  A rust devil (Hell)
  4 smoke demons (Pan)
  An orange demon (Pan)
  3 hellions
  A demonic crawler (Hell)
  A hellwing (Pan)
  7 guardian mummies
  2 jumping spiders
  2 red devils (Pan)
  2 hornets
  A raiju (Abyss:4)
  A frost giant simulacrum (Crypt:3)
  A blink frog (Abyss:4)
  9 flying skulls (Crypt:3)
  3 tarantellas
  A ynoxinul (Pan)
  2 wraiths (Crypt:3)
  6 ushabtiu
  4 redbacks
  A fire elemental (Hell)
  5 golden eyes
  3 chaos spawn (Pan)
  A naga (Abyss:4)
  2 neqoxecs
  3 large abominations (Pan)
  A hell hound (Hell)
  An orc warrior (Vaults:4)
  A necrophage (Tar:7)
  2 centaurs (Orc:2)
  A snapping turtle zombie (Tomb:1)
  A quasit (Pan)
  An orc wizard (Orc:2)
  10 mummies
  2 orcs
  A plant (Lair:6)
  2 tentacles (Tar:7)
278 creatures vanquished.

Vanquished Creatures (others)
  A pandemonium lord (Pan)
  A golden dragon (Zot:3)
  2 deep elf master archers (Elf:3)
  An eldritch tentacle (Tar:6)
  A draconian knight (Zot:3)
  2 warmongers (Pan)
  A lorocyproca (Pan)
  A vault guard (Vaults:5)
  12 death scarabs (Tomb:1)
  A skeletal warrior (Tomb:1)
  A spectral hydra (Swamp:4)
  2 deep elf archers
  A shining eye (shapeshifter) (Elf:1)
  3 deep elf magi (Elf:1)
  2 moths of wrath (Zot:5)
  A hellwing (Pan)
  A flying skull (Tomb:3)
  A wraith (Crypt:1)
  A vampire mosquito (Swamp:3)
  A naga (Abyss:4)
  3 insubstantial wisps (Swamp:3)
  A wight (Tar:1)
  A small abomination (Abyss:4)
  An orc wizard (Vaults:4)
  3 mummies (Tomb:1)
  A gnoll (Orc:1)
  2 ball lightnings (Pan)
  An orc (Orc:1)
  4 fungi (Lair:6)
  2 plants (Lair:6)
  13 starspawn tentacles
  11 tentacles (Tar:7)
80 creatures vanquished.

Grand Total: 4852 creatures vanquished

Notes
Turn   | Place    | Note
-------+----------+-------------------------------------------
     0 | D:1      | Morbidden the Deep Dwarf Fighter began the quest for the
                  | Orb.
     0 | D:1      | Reached XP level 1. HP: 20/20 MP: 1/1
   147 | D:1      | Reached XP level 2. HP: 17/27 MP: 2/2
   798 | D:2      | Reached XP level 3. HP: 20/33 MP: 3/3
  1175 | D:3      | Reached XP level 4. HP: 24/42 MP: 4/4
  1412 | D:3      | Found a blossoming altar of Fedhas.
  1546 | D:3      | Reached skill level 1 in Slings
  1551 | D:3      | Reached XP level 5. HP: 32/49 MP: 5/5
  1961 | D:4      | Reached skill level 5 in Axes
  1961 | D:4      | Reached XP level 6. HP: 56/56 MP: 6/6
  2619 | D:4      | Found a shadowy altar of Dithmenos.
  2619 | D:4      | Found a burning altar of Makhleb.
  2656 | D:4      | Became a worshipper of Makhleb the Destroyer
  2693 | D:5      | Entered Level 5 of the Dungeon
  2764 | D:5      | Found a stormy altar of Qazlal.
  2767 | D:5      | Noticed an air elemental
  2768 | D:5      | Noticed a fire elemental
  2768 | D:5      | Noticed a water elemental
  2828 | D:5      | Noticed Prince Ribbit
  2855 | D:5      | Killed Prince Ribbit
  2855 | D:5      | Reached skill level 1 in Dodging
  2855 | D:5      | Reached XP level 7. HP: 23/62 MP: 7/7
  3432 | D:5      | Found Peutupt's Book Boutique.
  3851 | D:6      | Found Lunuylos's Food Boutique.
  3904 | D:6      | Reached skill level 5 in Shields
  3904 | D:6      | Reached XP level 8. HP: 72/72 MP: 8/8
  4180 | D:6      | Reached skill level 5 in Armour
  4412 | D:7      | Noticed Joseph
  4414 | D:7      | Noticed a hippogriff
  4472 | D:7      | Got a brightly glowing ring mail
  4473 | D:7      | Identified the cursed +0 ring mail of the Hot Ocelot
                  | {Dex+2} (You found it on level 7 of the Dungeon)
  4537 | D:7      | Reached * piety under Makhleb
  4556 | D:7      | Killed a hippogriff
  4733 | D:7      | Found a runed door.
  4858 | D:7      | Found a shimmering altar of Xom.
  4902 | D:7      | Gained mutation: You passively map the area around you.
                  | [Deep Dwarf growth]
  4902 | D:7      | Reached XP level 9. HP: 77/78 MP: 9/9
  5001 | D:7      | Reached skill level 10 in Axes
  5012 | D:7      | Found a staircase to the Ecumenical Temple.
  5119 | D:7      | Killed Joseph
  5589 | D:8      | Found a staircase to the Lair.
  5600 | D:8      | Reached ** piety under Makhleb
  5676 | D:8      | Reached XP level 10. HP: 69/87 MP: 10/10
  5858 | D:8      | Reached skill level 5 in Fighting
  5987 | D:8      | Found an ornate altar of the Wu Jian Council.
  6280 | D:9      | Reached skill level 1 in Invocations
  6326 | D:9      | Found a radiant altar of Vehumet.
  6340 | D:9      | Found an iron altar of Okawaru.
  6343 | D:9      | Found a snail-covered altar of Cheibriados.
  6344 | D:9      | Found a white marble altar of Elyvilon.
  6610 | D:9      | Found a stormy altar of Qazlal.
  6823 | D:9      | Reached *** piety under Makhleb
  6980 | D:9      | Found a sparkling altar of Nemelex Xobeh.
  7152 | D:10     | Entered Level 10 of the Dungeon
  7197 | D:10     | Found a staircase to the Orcish Mines.
  7210 | D:10     | Reached skill level 1 in Evocations
  7255 | D:10     | Reached XP level 11. HP: 96/96 MP: 13/13
  7608 | D:10     | Reached **** piety under Makhleb
  7910 | D:11     | Found Ulux's Assorted Antiques.
  7942 | D:11     | Found a runed gate.
  7943 | D:11     | Found a runed gate.
  7943 | D:11     | Found a runed gate.
  7945 | D:11     | Noticed Freyura's ghost (journeyman VSGl)
  7976 | D:11     | Killed Freyura's ghost
  8067 | D:11     | Found a shimmering altar of Xom.
  8219 | D:11     | Killed an unseen horror
  8618 | D:12     | Noticed Urug
  8636 | D:12     | Killed Urug
  8679 | D:12     | Noticed Erolcha
  8790 | Lair:1   | Entered Level 1 of the Lair of Beasts
  8919 | Lair:1   | Identified a +1 pair of boots of running (You found it on
                  | level 1 of the Lair of Beasts)
  8969 | Lair:1   | Found a labyrinth entrance.
  8980 | Lab      | Entered a labyrinth
  9572 | Lab      | Noticed a minotaur
  9597 | Lab      | Killed a minotaur
  9679 | Lab      | Got a fine pewter amulet
  9679 | Lab      | Got a pitted tin ring
  9688 | Lab      | Identified the ring "Lonaoh" {rN+ Int+2 Stlth+} (You found
                  | it in a labyrinth)
  9689 | Lab      | Identified the amulet "Kevage" {RegenMP *Slow rPois MR+
                  | Dex+2} (You found it in a labyrinth)
  9845 | Lair:1   | Reached skill level 5 in Invocations
 10328 | Lair:2   | Noticed a six-headed hydra
 10336 | Lair:2   | Killed a six-headed hydra
 10336 | Lair:2   | Reached XP level 12. HP: 104/105 MP: 14/16
 10398 | Lair:2   | Reached skill level 5 in Evocations
 11190 | Lair:3   | Reached skill level 15 in Axes
 11235 | Lair:3   | Found a hole to the Spider Nest.
 11380 | Lair:3   | Reached ***** piety under Makhleb
 12159 | Lair:4   | Found a staircase to the Swamp.
 12169 | Lair:4   | Noticed an eight-headed hydra
 12174 | Lair:4   | Killed an eight-headed hydra
 13439 | Lair:5   | Reached XP level 13. HP: 115/115 MP: 18/18
 13564 | Lair:6   | Entered Level 6 of the Lair of Beasts
 13581 | Lair:6   | Found a staircase to the Slime Pits.
 13592 | Lair:6   | Reached skill level 1 in Throwing
 13874 | Lair:6   | Found a sacrificial altar of Ru.
 14385 | Lair:6   | Noticed a dire elephant
 14385 | Lair:6   | Noticed a dire elephant
 14407 | Lair:6   | Noticed a dire elephant
 14414 | Lair:6   | Killed a dire elephant
 14418 | Lair:6   | Killed a dire elephant
 14420 | Lair:6   | Killed a dire elephant
 14481 | Lair:6   | Got a transparent silver ring
 14486 | Lair:6   | Identified the ring of Xom's Ringing Laughter {+Fly Str+5}
                  | (You found it on level 6 of the Lair of Beasts)
 14518 | Lair:6   | Noticed a dire elephant
 14540 | Lair:6   | Killed a dire elephant
 14566 | Lair:6   | Noticed a dire elephant
 14598 | Lair:6   | Killed a dire elephant
 14933 | Orc:1    | Entered Level 1 of the Orcish Mines
 15003 | Orc:1    | Noticed an ettin
 15011 | Orc:1    | Killed an ettin
 15237 | Orc:1    | Reached ****** piety under Makhleb
 15569 | Orc:1    | Reached skill level 10 in Shields
 15752 | Orc:2    | Entered Level 2 of the Orcish Mines
 15858 | Orc:2    | Found Ilum's Antique Weapon Emporium.
 15858 | Orc:2    | Found Yfoul's Assorted Antiques.
 15860 | Orc:2    | Found Qytirgh's Antique Weapon Shop.
 15862 | Orc:2    | Found Coykhef's Jewellery Shoppe.
 15936 | Orc:2    | Found a staircase to the Elven Halls.
 16001 | Orc:2    | Noticed Azrael
 16011 | Orc:2    | Killed Azrael
 16011 | Orc:2    | Gained mutation: You resist negative energy. (rN+) [Deep
                  | Dwarf growth]
 16011 | Orc:2    | Reached XP level 14. HP: 62/127 MP: 21/21
 16163 | Orc:2    | Found Cunaedi's Magic Scroll Emporium.
 16687 | D:12     | Killed Erolcha
 16687 | D:12     | Reached skill level 10 in Armour
 17289 | D:13     | Found a gate to the Vaults.
 17309 | D:13     | Reached skill level 10 in Invocations
 17592 | D:13     | Found a portal to a secret trove of treasure.
 17597 | D:13     | Noticed Josephine
 17610 | D:13     | Killed Josephine
 18169 | D:14     | Found Faocineu's Armour Boutique.
 18183 | D:14     | Bought a +3 plate armour of cold resistance for 585 gold
                  | pieces
 18762 | D:14     | Reached skill level 10 in Evocations
 19146 | D:15     | Entered Level 15 of the Dungeon
 19263 | D:15     | Found a staircase to the Depths.
 19397 | D:15     | Reached XP level 15. HP: 136/136 MP: 23/23
 20029 | D:15     | Found a roughly hewn altar of Beogh.
 20238 | Elf:1    | Entered Level 1 of the Elven Halls
 20522 | Swamp:1  | Entered Level 1 of the Swamp
 20534 | Swamp:1  | Reached skill level 10 in Fighting
 22338 | Swamp:3  | Reached XP level 16. HP: 148/148 MP: 25/25
 22466 | Swamp:3  | Identified a scroll of acquirement
 22822 | Swamp:4  | Entered Level 4 of the Swamp
 23214 | Swamp:4  | Gained mutation: You have large cloven feet. [potion of
                  | mutation]
 23214 | Swamp:4  | Gained mutation: You have a beak for a mouth. [potion of
                  | mutation]
 23214 | Swamp:4  | Gained mutation: You are partially covered in thin metallic
                  | scales. (AC +2) [potion of mutation]
 23243 | Swamp:4  | Found a runed gate.
 23243 | Swamp:4  | Found a runed gate.
 23243 | Swamp:4  | Found a runed gate.
 23243 | Swamp:4  | Noticed Dommiel19's ghost (adept GrFi)
 23315 | Swamp:4  | Killed Dommiel19's ghost
 23489 | Swamp:4  | Noticed a bone dragon
 23509 | Swamp:4  | Killed a bone dragon
 23857 | Swamp:4  | Got a decaying rune of Zot
 24162 | Vaults:1 | Entered Level 1 of the Vaults
 25045 | Vaults:1 | Found Uboraon's Book Shop.
 25163 | Vaults:1 | Reached XP level 17. HP: 128/159 MP: 27/27
 25346 | Vaults:2 | Found a staircase to the Crypt.
 25346 | Vaults:2 | Found an ancient bone altar of Kikubaaqudgha.
 25347 | Vaults:2 | Found a basalt altar of Yredelemnul.
 25441 | Vaults:2 | Reached skill level 15 in Shields
 25592 | Vaults:2 | Found the +2 cloak of the Thief {+Fog Slay-2 SInv Stlth+}
 25641 | Vaults:2 | Reached skill level 15 in Invocations
 25729 | Vaults:2 | Found Raveiz's Book Shoppe.
 25741 | Vaults:2 | Found Ehiosogh's General Store.
 25745 | Vaults:2 | Bought a potion of curing for 39 gold pieces
 26924 | Vaults:3 | Gained mutation: You passively map a large area around you.
                  | [Deep Dwarf growth]
 26924 | Vaults:3 | Reached XP level 18. HP: 171/171 MP: 29/29
 27535 | Vaults:3 | Found a large runed door.
 27535 | Vaults:3 | Found a large runed door.
 27535 | Vaults:3 | Found a large runed door.
 27535 | Vaults:3 | Found a large runed door.
 27537 | Vaults:3 | Found a large runed door.
 27537 | Vaults:3 | Found a large runed door.
 27537 | Vaults:3 | Noticed Figoonlo's ghost (adept OpFi)
 27540 | Vaults:3 | Found a large runed door.
 27540 | Vaults:3 | Found a large runed door.
 27584 | Vaults:3 | Killed Figoonlo's ghost
 28261 | Vaults:4 | Noticed Sojobo
 28277 | Vaults:4 | Killed Sojobo
 28277 | Vaults:4 | Reached XP level 19. HP: 91/182 MP: 31/31
 28427 | Vaults:4 | Noticed Jory
 28448 | Vaults:4 | Killed Jory
 29075 | Vaults:4 | Found a runed door.
 29077 | Vaults:4 | Noticed matti1234's ghost (veteran OpWr)
 29124 | Vaults:4 | Killed matti1234's ghost
 30096 | Elf:1    | Found a gateway to a bazaar.
 30111 | Bazaar   | Entered a bazaar
 30111 | Bazaar   | Found Efafo's Armour Shoppe.
 30111 | Bazaar   | Found Ugegag's Food Emporium.
 30111 | Bazaar   | Found Eclint's Jewellery Shoppe.
 30140 | Bazaar   | Bought the -2 hat of the Alchemist {rElec rPois rF+ rC+ rN+
                  | MR+ rMut rCorr} for 519 gold pieces
 30140 | Bazaar   | Found the -2 hat of the Alchemist {rElec rPois rF+ rC+ rN+
                  | MR+ rMut rCorr}
 30184 | Elf:1    | Gained mutation: Your body sometimes deteriorates upon
                  | taking damage. [a shining eye]
 30576 | Elf:2    | Found a runed gate.
 30593 | Elf:2    | Found a runed gate.
 30593 | Elf:2    | Found a runed gate.
 30776 | Elf:2    | Got a shimmering helmet
 31042 | Elf:2    | Noticed Agnes
 31055 | Elf:2    | Killed Agnes
 31156 | Elf:2    | Noticed Nikola
 31193 | Elf:2    | Killed Nikola
 31726 | Spider:1 | Entered Level 1 of the Spider Nest
 31814 | Spider:1 | Reached skill level 15 in Evocations
 32005 | Spider:1 | Reached XP level 20. HP: 193/193 MP: 32/32
 32031 | Spider:1 | Reached skill level 15 in Fighting
 32043 | Spider:1 | Reached skill level 5 in Dodging
 33234 | Spider:3 | Noticed Asterion
 33260 | Spider:3 | Killed Asterion
 33398 | Spider:3 | Noticed Roxanne
 33507 | Spider:3 | Killed Roxanne
 33514 | Spider:3 | Identified Roxanne's Reference Book on Transformation (You
                  | took it off Roxanne on level 3 of the Spider Nest)
 34161 | Spider:4 | Entered Level 4 of the Spider Nest
 34161 | Spider:4 | Noticed Kirke
 34195 | Spider:4 | Killed Kirke
 34781 | Spider:4 | Got a gossamer rune of Zot
 35220 | Depths:1 | Entered Level 1 of the Depths
 35507 | Depths:1 | Found a gateway to a ziggurat.
 35653 | Depths:1 | Found a gateway to Hell.
 35887 | Depths:2 | Reached XP level 21. HP: 204/204 MP: 33/33
 35976 | Depths:2 | Found Ittos's General Store.
 35977 | Depths:2 | Found Rerev's Magic Scroll Boutique.
 35979 | Depths:2 | Found Jeqoron's Book Boutique.
 35991 | Depths:2 | Found Kobbou's Assorted Antiques.
 36040 | Depths:2 | Bought a scroll of identify for 30 gold pieces
 36040 | Depths:2 | Bought a scroll of magic mapping for 52 gold pieces
 36040 | Depths:2 | Bought a scroll of identify for 30 gold pieces
 36040 | Depths:2 | Bought a scroll of identify for 30 gold pieces
 36040 | Depths:2 | Bought a scroll of identify for 30 gold pieces
 36040 | Depths:2 | Bought a scroll of identify for 30 gold pieces
 36040 | Depths:2 | Bought a scroll of identify for 30 gold pieces
 36181 | Depths:2 | Found a corrupted altar of Lugonu.
 36181 | Depths:2 | Found a one-way gate to the infinite horrors of the Abyss.
 37117 | Depths:3 | Noticed a juggernaut
 37155 | Depths:3 | Killed a juggernaut
 37199 | Depths:3 | Reached skill level 15 in Armour
 37488 | Depths:3 | Found a bloodstained altar of Trog.
 37821 | Depths:3 | Noticed the Enchantress
 37831 | Depths:3 | Reached XP level 22. HP: 148/216 MP: 34/34
 37844 | Depths:3 | Killed the Enchantress
 37869 | Depths:3 | Got faerie dragon scales
 37882 | Depths:3 | Identified the +4 faerie dragon scales {rElec rCorr Stlth+}
                  | (You took it off the Enchantress on level 3 of the Depths)
 38055 | Depths:3 | Found a one-way gate leading to the halls of Pandemonium.
 38466 | Depths:4 | Found a glowing golden altar of the Shining One.
 39052 | Depths:5 | Entered Level 5 of the Depths
 39267 | Depths:5 | Found a gate to the Realm of Zot.
 39267 | Depths:5 | Noticed a golden dragon
 39284 | Depths:5 | Killed a golden dragon
 39373 | Depths:5 | Found a blossoming altar of Fedhas.
 39395 | Depths:5 | Found a basalt altar of Yredelemnul.
 39395 | Depths:5 | Found a shattered altar of Ashenzari.
 39397 | Depths:5 | Found a blossoming altar of Fedhas.
 39397 | Depths:5 | Found a shimmering altar of Xom.
 39397 | Depths:5 | Found a snail-covered altar of Cheibriados.
 40110 | Vaults:5 | Entered Level 5 of the Vaults
 40138 | Vaults:5 | Reached XP level 23. HP: 226/226 MP: 36/36
 40139 | Vaults:5 | Noticed Xtahua
 40171 | Vaults:5 | Killed Xtahua
 40445 | Vaults:5 | Noticed an ancient lich
 40454 | Vaults:5 | Noticed an ancient lich
 40464 | Vaults:5 | Killed an ancient lich
 40473 | Vaults:5 | Killed an ancient lich
 40597 | Vaults:5 | Found Fukk's Distillery.
 40619 | Vaults:5 | Bought a potion of berserk rage for 75 gold pieces
 40742 | Vaults:5 | Got a twitching pewter ring
 40777 | Vaults:5 | Got a translucent steel ring
 41375 | Vaults:5 | Identified the +0 hat of Rotation {Dex+5} (You found it on
                  | level 5 of the Vaults)
 41409 | Vaults:5 | Reached XP level 24. HP: 163/238 MP: 37/37
 41527 | Vaults:5 | Identified the Grimoire of Unreason
 41534 | Vaults:5 | Got a silver rune of Zot
 41549 | Vaults:5 | Got a scorched shield
 41561 | Vaults:5 | Identified the +5 shield "Gadoemoa" {rC+} (You acquired it
                  | on level 5 of the Vaults)
 41573 | Vaults:5 | Identified the ring "Fezieck" {+Inv rElec rC+ Dex+4 Stlth-}
                  | (You took it off a deep elf sorcerer on level 5 of the
                  | Vaults)
 41574 | Vaults:5 | Identified the ring of Kikubaaqudgha's Whim {*Corrode
                  | *Drain rElec rPois rF+ rC+++} (You took it off an ogre mage
                  | on level 5 of the Vaults)
 41582 | Vaults:5 | Identified the +10 shortbow of Reapportionment {freeze,
                  | Str+3 Int+5} (You found it on level 5 of the Vaults)
 41993 | Elf:3    | Entered Level 3 of the Elven Halls
 42012 | Elf:3    | Found Xiucaf's Antique Armour Shoppe.
 42065 | Elf:3    | Bought a pair of dazzling gloves for 266 gold pieces
 42065 | Elf:3    | Bought a pair of translucent gloves for 266 gold pieces
 42065 | Elf:3    | Bought a runed scarf for 224 gold pieces
 42066 | Elf:3    | Identified the +2 pair of gloves "Jialyaqe" {Int+3} (You
                  | bought it in a shop on level 3 of the Elven Halls)
 42068 | Elf:3    | Identified the -5 pair of gloves "Ehuyl" {Stlth+} (You
                  | bought it in a shop on level 3 of the Elven Halls)
 42771 | Elf:3    | HP: 7/240 [blizzard demon/bolt of lightning[a deep elf
                  | demonologist] (6)]
 42919 | Elf:3    | Got a glittering ruby amulet
 42922 | Elf:3    | Identified the Collected Works on Sinister Secrets
 42930 | Elf:3    | Got a clouded marble ring
 42955 | Elf:3    | Got a brightly glowing amber ring
 42977 | Elf:3    | Identified the ring "Dithi" {MR+ MP+9} (You took it off a
                  | deep elf demonologist on level 3 of the Elven Halls)
 42979 | Elf:3    | Identified the amulet of Tomorrow {Acrobat Int+2} (You took
                  | it off a deep elf sorcerer on level 3 of the Elven Halls)
 42981 | Elf:3    | Identified the ring "Kokaycs" {rC+ MR+ AC+1} (You took it
                  | off a deep elf demonologist on level 3 of the Elven Halls)
 42997 | Elf:3    | Identified the Almanac of Supportive Envenoming
 43006 | Elf:3    | Got a scorched jade ring
 43021 | Elf:3    | Identified Udauc's Collected Works on Quantum Boosts
 43054 | Elf:3    | Identified the ring of Wibrumam {rPois Int+4} (You found it
                  | on level 3 of the Elven Halls)
 43082 | Elf:3    | Identified Bekhetza's Reference Book on the Ashen Glacier
 43094 | Elf:3    | Got a transparent steel amulet
 43418 | Elf:3    | Identified the amulet "Oniuge" {Reflect MR+ SH+3} (You took
                  | it off a deep elf blademaster on level 3 of the Elven
                  | Halls)
 43840 | Zot:1    | Entered Level 1 of the Realm of Zot
 44504 | Zot:1    | Noticed an orb of fire
 44508 | Zot:1    | Gained mutation: Your spells are a little easier to cast,
                  | but a little less powerful. [an orb of fire]
 44527 | Zot:1    | Gained mutation: Your flesh is cold resistant. (rC+) [an
                  | orb of fire]
 44540 | Zot:1    | Killed an orb of fire
 45036 | Zot:2    | Reached XP level 25. HP: 106/249 MP: 33/33
 45046 | Zot:2    | Reached skill level 10 in Dodging
 45432 | Zot:2    | Cast into level 3 of the Abyss (yellow draconian knight)
 45894 | Abyss:4  | Paralysed by accursed screaming for 1 turns
 45903 | Abyss:4  | Paralysed by accursed screaming for 1 turns
 45989 | Zot:2    | Escaped the Abyss
 46634 | Zot:3    | Reached XP level 26. HP: 253/261 MP: 33/33
 47393 | Zot:3    | Found a corrupted altar of Lugonu.
 47422 | Zot:3    | Identified the Incunabulum of Fire and Brimstone
 47446 | Zot:3    | Identified the Grimoire of the Zealot
 48377 | Zot:5    | Entered Level 5 of the Realm of Zot
 48469 | Zot:5    | Identified the Incunabulum of Warped Attacks
 48632 | Zot:5    | Reached skill level 1 in Stealth
 48799 | Zot:5    | Noticed an ancient lich
 48800 | Zot:5    | Noticed an orb of fire
 48824 | Zot:5    | Killed an orb of fire
 48824 | Zot:5    | Reached XP level 27. HP: 178/273 MP: 33/33
 48927 | Zot:5    | Noticed an ancient lich
 48940 | Zot:5    | Killed an ancient lich
 49008 | Zot:5    | Killed an ancient lich
 49058 | Zot:5    | Noticed an orb of fire
 49068 | Zot:5    | Noticed an ancient lich
 49081 | Zot:5    | Killed an orb of fire
 49088 | Zot:5    | Killed an ancient lich
 49159 | Zot:5    | Noticed an orb of fire
 49166 | Zot:5    | Noticed an orb of fire
 49182 | Zot:5    | Gained mutation: You are occasionally teleported next to
                  | monsters. [an orb of fire]
 49188 | Zot:5    | Killed an orb of fire
 49189 | Zot:5    | Killed an orb of fire
 49286 | Zot:5    | Noticed an orb of fire
 49304 | Zot:5    | Gained mutation: You are weak. (Str -2) [an orb of fire]
 49307 | Zot:5    | Killed an orb of fire
 49345 | Zot:5    | Noticed an ancient lich
 49373 | Zot:5    | Killed an ancient lich
 49654 | Zot:5    | Reached skill level 27 in Shields
 49770 | Zot:5    | Noticed an ancient lich
 49801 | Zot:5    | Killed an ancient lich
 49811 | Zot:5    | Reached skill level 15 in Dodging
 50303 | Slime:1  | Entered Level 1 of the Pits of Slime
 50712 | Slime:5  | Entered Level 5 of the Pits of Slime
 50741 | Slime:5  | Paralysed by a floating eye for 3 turns
 50797 | Slime:5  | Noticed the Royal Jelly
 50809 | Slime:5  | Killed the Royal Jelly
 50865 | Slime:5  | Found the +5 scythe "Finisher" {speed, Str+3}
 50917 | Slime:5  | Got a clouded lapis lazuli ring
 50929 | Slime:5  | Identified the ring "Wempocup" {rF+ rN++ MP+9} (You found
                  | it on level 5 of the Pits of Slime)
 50946 | Slime:5  | Identified the +4 helmet of the Great Game {*Contam rPois
                  | Str+4} (You found it on level 5 of the Pits of Slime)
 51047 | Slime:5  | Got a slimy rune of Zot
 51879 | Vaults:5 | Bought a potion of haste for 150 gold pieces
 51879 | Vaults:5 | Bought a potion of curing for 45 gold pieces
 51879 | Vaults:5 | Bought a potion of ambrosia for 120 gold pieces
 51879 | Vaults:5 | Bought a potion of curing for 45 gold pieces
 51879 | Vaults:5 | Bought a potion of haste for 150 gold pieces
 51879 | Vaults:5 | Bought 2 potions of curing for 90 gold pieces
 51879 | Vaults:5 | Bought a potion of lignification for 45 gold pieces
 51879 | Vaults:5 | Bought a potion of lignification for 45 gold pieces
 52157 | Depths:2 | Bought a scroll of magic mapping for 147 gold pieces
 52157 | Depths:2 | Bought a potion of might for 168 gold pieces
 52165 | Depths:2 | Bought a scroll of holy word for 112 gold pieces
 52165 | Depths:2 | Bought a scroll of holy word for 112 gold pieces
 52171 | Depths:2 | Bought a wand of acid (7) for 264 gold pieces
 52256 | Depths:4 | Fell from the grace of Makhleb
 52256 | Depths:4 | Became a worshipper of the Shining One
 52465 | Crypt:1  | Entered Level 1 of the Crypt
 52499 | Crypt:1  | Noticed Mennas
 52538 | Crypt:1  | Reached * piety under the Shining One
 52584 | Crypt:1  | Killed Mennas
 52689 | Crypt:1  | Noticed Mara
 52691 | Crypt:1  | Noticed Morbidden's illusion
 52734 | Crypt:1  | Reached ** piety under the Shining One
 52774 | Crypt:1  | Noticed Morbidden's illusion
 52774 | Crypt:1  | Reached *** piety under the Shining One
 52827 | Crypt:1  | Killed Mara
 52982 | Crypt:1  | Reached **** piety under the Shining One
 53488 | Crypt:2  | Reached ***** piety under the Shining One
 53945 | Crypt:2  | Reached ****** piety under the Shining One
 54075 | Crypt:2  | Found a corrupted altar of Lugonu.
 54288 | Crypt:3  | Entered Level 3 of the Crypt
 54336 | Crypt:3  | Found a staircase to the Tomb.
 54497 | Crypt:3  | Identified the Disquisition on Sinister Arts
 54561 | Crypt:3  | Found a basalt altar of Yredelemnul.
 54719 | Crypt:3  | Got a twitching bone amulet
 54724 | Crypt:3  | Identified the amulet of Waosuf Qook {-Tele rN+ Regen+
                  | Str+3 Int+6} (You found it on level 3 of the Crypt)
 54730 | Crypt:3  | Got a heavily runed turquoise ring
 54733 | Crypt:3  | Identified the ring "Etatt" {rPois rN+ Dex+6} (You found it
                  | on level 3 of the Crypt)
 54739 | Crypt:3  | Got a glittering pewter ring
 54741 | Crypt:3  | Identified the ring of Ephemeral Luck {rPois rN+ Str+2
                  | Int+3} (You found it on level 3 of the Crypt)
 55381 | Hell     | Entered the Vestibule of Hell
 55381 | Hell     | Noticed Geryon
 55433 | Hell     | Killed Geryon
 55461 | Hell     | Found a gateway to the ashen valley of Gehenna.
 55495 | Hell     | Found a gateway to the Iron City of Dis.
 55679 | Hell     | Found a gateway to the decaying netherworld of Tartarus.
 55783 | Hell     | Found a gateway to the freezing wastes of Cocytus.
 55949 | Depths:2 | Voluntarily entered the Abyss.
 55949 | Abyss:1  | Found a corrupted altar of Lugonu.
 56709 | Abyss:4  | Found a corrupted altar of Lugonu.
 56818 | Abyss:4  | Got an abyssal rune of Zot
 56843 | Abyss:4  | Found a corrupted altar of Lugonu.
 56907 | Abyss:4  | Paralysed by accursed screaming for 1 turns
 57010 | Depths:2 | Escaped the Abyss
 57072 | Pan      | Entered Pandemonium
 57161 | Pan      | Gained mutation: Your magical capacity is low. (-10% MP) [a
                  | cacodemon]
 57257 | Pan      | Noticed Ceuvy the pandemonium lord
 57273 | Pan      | Killed Ceuvy the pandemonium lord
 57439 | Pan      | Got a demonic rune of Zot
 58254 | Pan      | Found a huge runed gate.
 58973 | Pan      | Noticed Wedghuill the pandemonium lord
 58994 | Pan      | Killed Wedghuill the pandemonium lord
 59101 | Pan      | Found a runed door.
 59115 | Pan      | Was forgiven by Makhleb
 59159 | Pan      | Found a runed door.
 59261 | Pan      | Found an exit through the horrors of the Abyss.
 59473 | Pan      | Found a runed door.
 59500 | Pan      | Found a runed door.
 59708 | Pan      | Noticed Firgh the pandemonium lord
 59722 | Pan      | Killed Firgh the pandemonium lord
 59872 | Pan      | Gained mutation: Armour fits poorly on your strangely
                  | shaped body. [a neqoxec]
 60007 | Pan      | Noticed Gutwul the pandemonium lord
 60036 | Pan      | Killed Gutwul the pandemonium lord
 60157 | Pan      | Lost mutation: You are weak. (Str -2) [potion of mutation]
 60157 | Pan      | Lost mutation: Your magical capacity is low. (-10% MP)
                  | [potion of mutation]
 60157 | Pan      | Lost mutation: Your spells are a little easier to cast, but
                  | a little less powerful. [potion of mutation]
 60157 | Pan      | Lost mutation: You have large cloven feet. [potion of
                  | mutation]
 60159 | Pan      | Lost mutation: Armour fits poorly on your strangely shaped
                  | body. [potion of mutation]
 60159 | Pan      | Lost mutation: You are occasionally teleported next to
                  | monsters. [potion of mutation]
 60159 | Pan      | Lost mutation: Your body sometimes deteriorates upon taking
                  | damage. [potion of mutation]
 60159 | Pan      | Lost mutation: Your flesh is cold resistant. (rC+) [potion
                  | of mutation]
 60526 | Pan      | Entered the realm of Cerebov.
 61038 | Pan      | Reached skill level 27 in Invocations
 61332 | Pan      | Noticed Cerebov
 61366 | Pan      | Killed Cerebov
 61540 | Pan      | Got a fiery rune of Zot
 61592 | Pan      | Found a huge runed gate.
 62188 | Pan      | Noticed Tywaegoo the pandemonium lord
 62200 | Pan      | Killed Tywaegoo the pandemonium lord
 62240 | Pan      | Entered the realm of Gloorx Vloq.
 62546 | Pan      | Found an exit through the horrors of the Abyss.
 62783 | Pan      | Reached skill level 1 in Spellcasting
 62834 | Pan      | Noticed Gloorx Vloq
 62847 | Pan      | Killed Gloorx Vloq
 62909 | Pan      | Got a dark rune of Zot
 63146 | Pan      | Entered the realm of Mnoleg.
 63387 | Pan      | Gained mutation: Your body sometimes deteriorates upon
                  | taking damage. [a neqoxec]
 63406 | Pan      | Gained mutation: Your body often deteriorates upon taking
                  | damage. [a cacodemon]
 63447 | Pan      | Noticed Mnoleg
 63454 | Pan      | Paralysed by a floating eye for 2 turns
 63458 | Pan      | Killed Mnoleg
 63522 | Pan      | Got a glowing rune of Zot
 64865 | Pan      | Found a huge runed gate.
 65389 | Pan      | Noticed Tuenoc the pandemonium lord
 65407 | Pan      | Killed Tuenoc the pandemonium lord
 65433 | Pan      | Reached skill level 5 in Spellcasting
 65478 | Pan      | Reached skill level 27 in Fighting
 65729 | Pan      | Noticed Qiwuac the pandemonium lord
 65849 | Pan      | Found an exit through the horrors of the Abyss.
 65947 | Pan      | Took an exit into the Abyss.
 65947 | Abyss:1  | Escaped into the Abyss
 65973 | Abyss:1  | Found a corrupted altar of Lugonu.
 66031 | Abyss:1  | Paralysed by accursed screaming for 1 turns
 66035 | Abyss:1  | Found a corrupted altar of Lugonu.
 66037 | Abyss:1  | Paralysed by accursed screaming for 1 turns
 66185 | Depths:3 | Escaped the Abyss
 66191 | Pan      | Entered Pandemonium
 66566 | Pan      | Noticed Quzaff the pandemonium lord
 66595 | Pan      | Killed Quzaff the pandemonium lord
 67185 | Pan      | Noticed Lemu the pandemonium lord
 67200 | Pan      | Killed Lemu the pandemonium lord
 68089 | Pan      | Found an exit through the horrors of the Abyss.
 68522 | Pan      | Noticed Fubleeva the pandemonium lord
 68540 | Pan      | Killed Fubleeva the pandemonium lord
 68996 | Pan      | Found an exit through the horrors of the Abyss.
 69206 | Pan      | Found an exit through the horrors of the Abyss.
 69345 | Pan      | Noticed Qusosh the pandemonium lord
 69754 | Pan      | Killed Qusosh the pandemonium lord
 69878 | Pan      | Found a runed door.
 69912 | Pan      | Entered the realm of Lom Lobon.
 70777 | Pan      | Noticed Lom Lobon
 70795 | Pan      | Killed Lom Lobon
 70812 | Pan      | Got a magical rune of Zot
 71190 | Pan      | Found an exit through the horrors of the Abyss.
 71241 | Pan      | Noticed Wania the pandemonium lord
 71249 | Pan      | Killed Wania the pandemonium lord
 71375 | Pan      | Gained mutation: You have an increased reservoir of magic.
                  | (+10% MP) [a cacodemon]
 71386 | Pan      | Gained mutation: You tend to lose your temper in combat. [a
                  | cacodemon]
 71548 | Pan      | Lost mutation: Your body often deteriorates upon taking
                  | damage. [a cacodemon]
 71549 | Pan      | Gained mutation: Potions are less effective at restoring
                  | your health. [a cacodemon]
 71580 | Pan      | Lost mutation: You tend to lose your temper in combat.
                  | [potion of mutation]
 71580 | Pan      | Lost mutation: Potions are less effective at restoring your
                  | health. [potion of mutation]
 71580 | Pan      | Lost mutation: You have a beak for a mouth. [potion of
                  | mutation]
 71580 | Pan      | Gained mutation: You are clumsy. (Dex -2) [potion of
                  | mutation]
 71909 | Pan      | Noticed Hefricho the pandemonium lord
 71928 | Pan      | Killed Hefricho the pandemonium lord
 72112 | Pan      | Gained mutation: Your body often deteriorates upon taking
                  | damage. [a neqoxec]
 72129 | Pan      | Noticed Komawaut the pandemonium lord
 72150 | Pan      | Killed Komawaut the pandemonium lord
 72180 | Pan      | Reached skill level 10 in Spellcasting
 72250 | Pan      | Found an exit through the horrors of the Abyss.
 72265 | Pan      | Took an exit into the Abyss.
 72265 | Abyss:1  | Escaped into the Abyss
 72343 | Depths:3 | Escaped the Abyss
 72458 | D:13     | You paid a toll of 12 potions of heal wounds to enter a
                  | treasure trove
 72459 | Trove    | Entered a treasure trove
 72490 | Trove    | Identified Sif Muna's Disquisition on Twisted Hexes
 72539 | Trove    | Identified Visip's Catalogue of the Toxic Snowflakes
 72868 | Tomb:1   | Entered Level 1 of the Tomb of the Ancients
 72979 | Tomb:1   | Reached skill level 1 in Polearms
 72990 | Tomb:1   | Noticed a greater mummy
 73000 | Tomb:1   | Killed a greater mummy
 73240 | Tomb:1   | Learned a level 7 spell: Orb of Destruction
 73436 | Tomb:1   | Reached skill level 1 in Conjurations
 73457 | Tomb:1   | Noticed a greater mummy
 73479 | Tomb:1   | Killed a greater mummy
 73479 | Tomb:1   | Reached skill level 5 in Polearms
 73595 | Tomb:1   | Noticed a greater mummy
 73603 | Tomb:1   | Killed a greater mummy
 73761 | Tomb:2   | Noticed a greater mummy
 73762 | Tomb:2   | Noticed a greater mummy
 73764 | Tomb:2   | Noticed a greater mummy
 73765 | Tomb:2   | Noticed a greater mummy
 73775 | Tomb:2   | Killed a greater mummy
 73777 | Tomb:2   | Killed a greater mummy
 73784 | Tomb:2   | Killed a greater mummy
 73787 | Tomb:2   | Killed a greater mummy
 73839 | Tomb:2   | Paralysed by fainting for 7 turns
 73851 | Tomb:2   | Paralysed by fainting for 8 turns
 73869 | Tomb:2   | Paralysed by fainting for 8 turns
 74242 | Tomb:1   | Noticed a greater mummy
 74249 | Tomb:1   | Noticed a greater mummy
 74251 | Tomb:1   | Killed a greater mummy
 74256 | Tomb:1   | Noticed a greater mummy
 74262 | Tomb:1   | Killed a greater mummy
 74268 | Tomb:1   | Noticed a greater mummy
 74269 | Tomb:1   | Killed a greater mummy
 74274 | Tomb:1   | Killed a greater mummy
 74309 | Tomb:1   | Noticed a greater mummy
 74326 | Tomb:1   | Killed a greater mummy
 74328 | Tomb:1   | Noticed a greater mummy
 74336 | Tomb:1   | Killed a greater mummy
 74359 | Tomb:1   | Noticed a greater mummy
 74373 | Tomb:1   | Killed a greater mummy
 74427 | Tomb:1   | Noticed a greater mummy
 74437 | Tomb:1   | Killed a greater mummy
 74480 | Tomb:1   | Noticed a greater mummy
 74498 | Tomb:1   | Killed a greater mummy
 74509 | Tomb:1   | Noticed a greater mummy
 74525 | Tomb:1   | Killed a greater mummy
 74588 | Tomb:1   | Noticed a greater mummy
 74593 | Tomb:1   | Noticed a greater mummy
 74596 | Tomb:1   | Killed a greater mummy
 74602 | Tomb:1   | Killed a greater mummy
 74610 | Tomb:1   | Noticed a greater mummy
 74627 | Tomb:1   | Killed a greater mummy
 74636 | Tomb:1   | Noticed a greater mummy
 74646 | Tomb:1   | Killed a greater mummy
 74941 | Tomb:3   | Entered Level 3 of the Tomb of the Ancients
 74963 | Tomb:3   | Noticed a greater mummy
 74964 | Tomb:3   | Noticed a greater mummy
 74971 | Tomb:3   | Noticed Boris
 74974 | Tomb:3   | Reached skill level 5 in Conjurations
 74982 | Tomb:3   | Killed a greater mummy
 74986 | Tomb:3   | Noticed a greater mummy
 74986 | Tomb:3   | Killed Boris
 74995 | Tomb:3   | Noticed a greater mummy
 74997 | Tomb:3   | Noticed a greater mummy
 75000 | Tomb:3   | Killed a greater mummy
 75003 | Tomb:3   | Killed a greater mummy
 75008 | Tomb:3   | Killed a greater mummy
 75012 | Tomb:3   | Killed a greater mummy
 75347 | Tomb:3   | Got a bound steel ring
 75348 | Tomb:3   | Identified the ring of Light {rElec rC- MR+ Dex+2} (You
                  | found it on level 3 of the Tomb of the Ancients)
 75395 | Tomb:3   | Identified the +1 shield "Jenouj" {rPois} (You found it on
                  | level 3 of the Tomb of the Ancients)
 75448 | Tomb:3   | Noticed a greater mummy
 75453 | Tomb:3   | Noticed a greater mummy
 75457 | Tomb:3   | Killed a greater mummy
 75467 | Tomb:3   | Killed a greater mummy
 75492 | Tomb:3   | Noticed a greater mummy
 75502 | Tomb:3   | Killed a greater mummy
 75520 | Tomb:3   | Got a golden rune of Zot
 75725 | Tomb:1   | Noticed a greater mummy
 75747 | Tomb:1   | Killed a greater mummy
 76423 | Tar:1    | Entered Level 1 of Tartarus
 76710 | Tar:1    | Reached skill level 10 in Polearms
 77955 | Tar:2    | Gained mutation: You are occasionally teleported next to
                  | monsters. [mutagenic glow]
 79373 | Tar:6    | Reached skill level 10 in Conjurations
 79878 | Tar:6    | Reached skill level 15 in Spellcasting
 79921 | Tar:7    | Entered Level 7 of Tartarus
 80232 | Tar:7    | Reached skill level 27 in Dodging
 80376 | Tar:7    | Reached skill level 1 in Translocations
 80811 | Tar:7    | Reached skill level 5 in Translocations
 80984 | Tar:7    | Noticed Ereshkigal
 81002 | Tar:7    | HP: 21/435 [Tzitzimitl/bolt of cold[a doom hound] (15)]
 81003 | Tar:7    | Killed from afar by a Tzitzimitl

Skill      XL: |  1  2  3  4  5  6  7  8  9 10 11 12 13 14 15 16 17 18 19 20 21 22 23 24 25 26 27 |
---------------+----------------------------------------------------------------------------------+-----
Axes           | 3 4 5 6 7 9 11 13 14 16 17 18 | 18.0
Fighting       | 3 4 5 6 7 8 9 10 11 13 14 15 16 17 18 19 20 21 27 | 27.0
Slings         | 1 2 3 |  3.0
Shields        | 4 5 6 7 8 9 10 11 12 14 16 17 18 19 21 22 23 24 25 26 27 | 27.0
Armour         | 4 5 6 7 8 9 10 11 12 13 14 15 16 17 18 26 | 26.1
Dodging        | 1 2 3 4 5 7 9 12 13 27 | 27.0
Invocations    | 3 5 7 9 11 12 14 15 16 17 18 19 20 27 | 27.0
Evocations     | 1 4 6 9 10 11 12 13 15 16 17 18 20 25 | 25.5
Throwing       | 1 2 3 |  3.0
Stealth        | 1 2 |  2.1
Spellcasting   | 15 | 15.5
Polearms       | 11 | 11.6
Conjurations   | 11 | 11.3
Translocations | 5 |  5.7

Action                   |  1- 3 |  4- 6 |  7- 9 | 10-12 | 13-15 | 16-18 | 19-21 | 22-24 | 25-27 || total
-------------------------+-------+-------+-------+-------+-------+-------+-------+-------+-------++-------
Melee: War axe           |    77 |   113 |   352 |  1201 |  1092 |       |       |       |       ||  2835
       Dagger            |    39 |       |       |       |       |       |       |       |       ||    39
       Hunting sling     |       |     1 |       |       |       |       |       |       |       ||     1
       Broad axe         |       |       |       |       |   601 |  1152 |  1588 |  1129 |  6595 || 11065
       Peck              |       |       |       |       |       |   376 |   493 |   359 |  1677 ||  2905
       Trishula          |       |       |       |       |       |       |       |       |   515 ||   515
 Fire: Hunting sling     |     6 |    48 |       |       |       |       |       |       |       ||    54
Throw: Tomahawk          |       |     5 |     7 |    14 |     8 |       |    17 |     5 |     5 ||    61
Invok: Lesser Servant of |       |       |       |     1 |     6 |       |       |       |       ||     7
       Greater Servant o |       |       |       |       |       |     6 |    11 |     6 |    14 ||    37
       Cleansing Flame   |       |       |       |       |       |       |       |       |    63 ||    63
       Summon Divine War |       |       |       |       |       |       |       |       |    42 ||    42
       Divine Shield     |       |       |       |       |       |       |       |       |    12 ||    12
 Abil: Heal Wounds       |       |       |       |       |     1 |       |       |     7 |    43 ||    51
Evoke: Wand              |       |       |       |     5 |    19 |     9 |     4 |     2 |    41 ||    80
       Lightning rod     |       |       |       |       |       |       |    12 |       |    35 ||    47
       Lamp of fire      |       |       |       |       |       |       |     2 |     3 |    29 ||    34
       Phial of floods   |       |       |       |       |       |       |       |     1 |    22 ||    23
       Sack of spiders   |       |       |       |       |       |       |       |       |     2 ||     2
  Use: Scroll            |       |     6 |     6 |    16 |    15 |     5 |     6 |    35 |    57 ||   146
       Potion            |       |     2 |     3 |       |     9 |     4 |     2 |     6 |    48 ||    74
 Stab: Distracted        |       |       |       |     1 |     1 |       |     2 |     9 |     4 ||    17
       Paralysed         |       |       |       |       |     3 |     3 |       |       |       ||     6
       Invisible         |       |       |       |       |     4 |       |       |       |       ||     4
       Sleeping          |       |       |       |       |       |       |     1 |       |       ||     1
       Confused          |       |       |       |       |       |       |     1 |       |     1 ||     2
  Eat: Chunk             |     1 |     2 |    11 |    19 |    25 |     9 |     4 |    12 |    15 ||    98
       Ration            |       |     2 |       |     4 |     1 |     4 |     7 |     3 |    41 ||    62
Armor: Scale mail        |    50 |    53 |    39 |       |       |       |       |       |       ||   142
       Chain mail        |       |       |   146 |   261 |       |       |       |       |       ||   407
       Plate armour      |       |       |       |   342 |   553 |   381 |   599 |   235 |       ||  2110
       Skin              |       |       |       |       |     1 |       |       |       |    75 ||    76
       Gold dragon scale |       |       |       |       |       |       |       |   169 |  1723 ||  1892
Dodge: Dodged            |    28 |    39 |    79 |   309 |   330 |   198 |   266 |   235 |  1417 ||  2901
       Deflected         |       |       |       |       |       |    16 |    14 |    11 |       ||    41
Block: Shield            |    55 |    74 |   215 |   778 |   440 |       |       |       |       ||  1562
       Large shield      |       |       |       |       |   726 |  1002 |  1767 |  1376 |  7812 || 12683
       Reflection        |       |       |       |       |       |       |       |    35 |   111 ||   146
